 Dungeon Crawl Stone Soup version 0.30-a0-728-gc68057be0a (webtiles) character file.

Game seed: 12373077752359943516

310 Depression the Trooper (level 6, -3/51 HPs)
             Began as a Demonspawn Gladiator on Jan 31, 2023.
             Was an Elder of Jiyva.
             Slain by Blork the orc
             ... wielding a +2 mace of holy wrath
              (5 damage)
             ... on level 5 of the Dungeon.
             The game lasted 00:19:36 (2399 turns).

Depression the Trooper (Demonspawn Gladiator)       Turns: 2399, Time: 00:19:36

Health: -3/51      AC:  6    Str: 15    XL:     6   Next: 17%
Magic:  9/9        EV: 11    Int: 11    God:    Jiyva [****..]
Gold:   182        SH:  0    Dex: 14    Spells: 5/9 levels left

rFire   . . .      SeeInvis +    a - +0 war axe
rCold   . . .      Faith    .    (no shield)
rNeg    . . .      Spirit   .    f - +0 ring mail
rPois   .          Reflect  .    (helmet unavailable)
rElec   .          Harm     .    (no cloak)
rCorr   +          Rampage  .    (no gloves)
Will    .....                    w - +0 pair of boots
Stlth   +                        r - amulet of magic regeneration
HPRegen 1.56/turn                (no ring)
MPRegen 0.91/turn                (no ring)

@: about to teleport
A: horns 3, see invisible, acidic bite
a: Renounce Religion, Oozemancy, Slimify


You were on level 5 of the Dungeon.
You worshipped Jiyva.
Jiyva was greatly pleased with you.
You visited 1 branch of the dungeon, and saw 5 of its levels.

You collected 252 gold pieces.
You spent 70 gold pieces at shops.

Inventory:

Hand Weapons
 a - a +0 war axe (weapon)
 q - a +0 dagger of electrocution
 x - a +4 short sword of venom
Missiles
 d - 4 throwing nets
 e - 6 javelins
 s - a boomerang (quivered)
 z - 3 poisoned darts
Armour
 b - a +0 leather armour
 f - a +0 ring mail (worn)
 g - a +0 kite shield
 w - a +0 pair of boots (worn)
Jewellery
 m - a ring of ice {rC+, rF-}
 r - an amulet of magic regeneration (around neck)
Wands
 c - a wand of flame (19)
Scrolls
 i - 2 scrolls of teleportation
 k - a scroll of magic mapping {unknown}
 l - a scroll of silence {unknown}
 o - 3 scrolls of identify {unknown}
 p - a scroll of poison {unknown}
 v - a scroll of summoning {unknown}
 y - a scroll of fear {unknown}
Potions
 j - 2 potions of curing {unknown}
 n - a potion of invisibility {unknown}
 t - 2 potions of heal wounds {unknown}
 u - a potion of haste {unknown}


   Skills:
 - Level 5.0 Fighting
 + Level 3.0 Axes
 - Level 2.0 Throwing
 + Level 2.0 Armour
 - Level 3.0 Dodging
 - Level 2.0 Spellcasting


You had 5 spell levels left.
You knew the following spells:

 Your Spells              Type           Power      Damage    Failure   Level
a - Blink                 Tloc           2%         N/A       63%         2
b - Poisonous Vapours     Pois/Air       2%         N/A       63%         2

Your spell library contained the following spells:

 Spells                   Type           Power      Damage    Failure   Level
 Apportation              Tloc           2%         N/A       50%         1
 Necrotise                Necr           4%         1d4       50%         1
 Sting                    Tmut/Pois      4%         1d3       50%         1
 Summon Small Mammal      Summ           4%         N/A       50%         1
 Lesser Beckoning         Tloc           2%         N/A       63%         2
 Momentum Strike          Conj/Tloc      2%         3d8       63%         2
 Sublimation of Blood     Necr           1%         N/A       63%         2
 Gell's Gravitas          Tloc           1%         N/A       86%         3
 Portal Projectile        Hex/Tloc       2%         N/A       86%         3
 Teleport Other           Tloc           1%         N/A       86%         3
 Tukima's Dance           Hex            1%         N/A       86%         3
 Olgreb's Toxic Radiance  Pois           1%         N/A       99%         4
 Petrify                  Tmut/Erth      1%         N/A       99%         4
 Blade Hands              Tmut           0%         N/A       100%        5
 Irradiate                Conj/Tmut      0%         3d11      100%        5


Dungeon Overview and Level Annotations

Branches:
Dungeon (5/15) Zot: 26730
 Temple: D:4-7

Altars:
Dithmenos
Okawaru
Vehumet
Xom
Yredelemnul
Jiyva

Shops:
D:1 ?(

Annotations:
D:2 Sigmund
D:5 Blork the orc


Innate Abilities, Weirdness & Mutations

You have a pair of large horns on your head.
You have supernaturally acute eyesight. (SInv)
You have acidic saliva.


Message History

Aim: Blork the orc, wielding a +2 mace of holy wrath and wearing a +0 robe (moderately wounded, fast, 65% to hit)
You throw a boomerang.
The boomerang closely misses Blork the orc.
You closely miss Blork the orc.
Blork the orc is moderately wounded.
Blork the orc hits you with a +2 mace of holy wrath.
You convulse!
Blork the orc screams, "I'll rip your head off!"
Blork the orc hits you with a +2 mace of holy wrath!
You convulse.
You take 25 damage, and have 26/51 hp.
THAT REALLY HURT!
Okay, then.
Okay, then.
Aiming: Throw Flame
Press: ? - help, Shift-Dir - straight line, f/p - Blork the orc
Aim: Blork the orc, wielding a +2 mace of holy wrath and wearing a +0 robe (moderately wounded, fast, 72% to hit)
The puff of flame hits Blork the orc.
Blork the orc is moderately wounded.
Blork the orc hits you with a +2 mace of holy wrath!
* * * LOW HITPOINT WARNING * * *
You convulse!
* * * LOW HITPOINT WARNING * * *
Blork the orc barely misses you.
You take 13 damage, and have 13/51 hp.
THAT REALLY HURT!
As you read the scroll of fog, it crumbles to dust.
The scroll dissolves into smoke.
Blork the orc hits you but does no damage.
You regained 2 hp, and now have 15/51 hp.
Blork the orc closely misses you.
As you read the scroll of teleportation, it crumbles to dust.
You feel strangely unstable.
Blork the orc hits you with a +2 mace of holy wrath!
* * * LOW HITPOINT WARNING * * *
You convulse!
* * * LOW HITPOINT WARNING * * *
You take 15 damage, and have 1/51 hp.
THAT REALLY HURT!
Blork the orc attacks as you move away! Blork the orc barely misses you. x2
Blork the orc attacks as you move away!
Blork the orc hits you with a +2 mace of holy wrath.
You die...

##..........#
#........#.....
#...........#
##..........#.#
#...........## #.........##
# .............#
##.##....... ............§##
#. ...#.##..#
..#.........§§######...#..
..#
..#.........#§§§###........
..
.........>..##§o§§..#..##...
##...........§§§@§.....#
.............§§§§§.#...#
..######......§§.#.# ...
.#....≈#.........#...
.#....≈#...#####......
.#....≈#....## ######...
.#≈≈≈≈≈#..#..# ...
.######...##.# ..
..........##>#


You could see Blork the orc (fast).

Vanquished Creatures
  A scorpion (D:5)
  A howler monkey (D:5)
  2 hounds
  An iguana (D:5)
  Jessica (D:3)
  3 gnolls (D:3)
  2 adders
  An ufetubus (D:4)
  2 worms (D:2)
  4 dart slugs
  5 ball pythons
  2 bats (D:3)
  A giant cockroach (D:1)
  3 goblins (D:2)
  5 hobgoblins
  3 jackals (D:3)
  3 quokkas (D:3)
  6 kobolds
  6 rats
52 creatures vanquished.

Vanquished Creatures (others)
  A jelly (D:5)
  5 adders
  An orc (D:4)
  A ball python (D:3)
  An endoplasm (D:3)
  A goblin (D:4)
  A hobgoblin (D:4)
  2 kobolds (D:4)
13 creatures vanquished.

Grand Total: 65 creatures vanquished

Notes
Turn   | Place    | Note
-------+----------+-------------------------------------------
     0 | D:1      | Depression the Demonspawn Gladiator began the quest for the
                  | Orb.
     0 | D:1      | Reached XP level 1. HP: 16/16 MP: 1/1
   109 | D:1      | Found Luin's Antique Weapon Shoppe.
   253 | D:1      | Found The Oracle's Delphic Readings.
   270 | D:1      | Bought a scroll of fog for 40 gold pieces
   270 | D:1      | Bought a scroll of teleportation for 30 gold pieces
   315 | D:1      | Reached skill level 2 in Throwing
   319 | D:1      | You fall into a shaft and drop 1 floor!
   381 | D:2      | Gained mutation: You have a pair of small horns on your
                  | head. [demonic ancestry]
   381 | D:2      | Reached XP level 2. HP: 18/22 MP: 2/2
   470 | D:2      | Reached skill level 3 in Axes
   472 | D:2      | Reached skill level 3 in Dodging
   479 | D:2      | Noticed Sigmund
   971 | D:3      | Reached XP level 3. HP: 26/28 MP: 3/3
  1034 | D:3      | Reached skill level 3 in Fighting
  1102 | D:3      | Found a faded altar of an unknown god.
  1103 | D:3      | Noticed Jessica
  1110 | D:3      | Killed Jessica
  1111 | D:3      | Reached XP level 4. HP: 30/37 MP: 4/4
  1151 | D:3      | Prayed at the altar of an unknown god.
  1151 | D:3      | Became a worshipper of Jiyva Jadusab the Shapeless
  1151 | D:3      | Reached * piety under Jiyva
  1164 | D:2      | Reached skill level 4 in Fighting
  1445 | D:4      | Reached ** piety under Jiyva
  1499 | D:4      | Reached XP level 5. HP: 43/43 MP: 5/5
  1503 | D:4      | Found an iron altar of Okawaru.
  1801 | D:4      | Reached skill level 5 in Fighting
  1839 | D:4      | Found a shadowy altar of Dithmenos.
  1840 | D:4      | Found a basalt altar of Yredelemnul.
  1842 | D:4      | Reached *** piety under Jiyva
  1960 | D:4      | Gained mutation: You have a pair of horns on your head.
                  | [Jiyva's grace]
  1960 | D:4      | Gained mutation: You have a pair of large horns on your
                  | head. [Jiyva's grace]
  1960 | D:4      | Gained mutation: You have acidic saliva. [Jiyva's grace]
  1960 | D:4      | Gained mutation: You have supernaturally acute eyesight.
                  | (SInv) [Jiyva's grace]
  2140 | D:5      | Entered Level 5 of the Dungeon
  2163 | D:5      | Learned a level 2 spell: Blink
  2166 | D:5      | Learned a level 2 spell: Poisonous Vapours
  2188 | D:5      | Found a radiant altar of Vehumet.
  2207 | D:5      | Reached skill level 1 in Armour
  2217 | D:5      | Reached skill level 1 in Spellcasting
  2304 | D:5      | Reached skill level 2 in Armour
  2304 | D:5      | Reached skill level 2 in Spellcasting
  2304 | D:5      | Mutation became permanent: You have a pair of horns on your
                  | head. [demonic ancestry]
  2304 | D:5      | Gained mutation: You have a pair of large horns on your
                  | head. [demonic ancestry]
  2304 | D:5      | Reached XP level 6. HP: 36/51 MP: 7/9
  2335 | D:5      | Found a shimmering altar of Xom.
  2335 | D:5      | Found a shimmering altar of Xom.
  2339 | D:5      | Found a shimmering altar of Xom.
  2339 | D:5      | Found a shimmering altar of Xom.
  2339 | D:5      | Found a shimmering altar of Xom.
  2343 | D:5      | Found a shimmering altar of Xom.
  2343 | D:5      | Found a shimmering altar of Xom.
  2359 | D:5      | Reached **** piety under Jiyva
  2387 | D:5      | Noticed Blork the orc
  2397 | D:5      | HP: 11/51 [Blork the orc/+2 mace of holy wrath (7)]
  2397 | D:5      | HP: 1/51 [Blork the orc/+2 mace of holy wrath (10)]
  2399 | D:5      | Slain by Blork the orc

Illustrated notes

Levels and vault maps discovered:
D:1:      lemuel_arrival_hallway, layout_rooms, serial_shops,
          nicolae_shop_behind_doors, nicolae_nh_oracle_at_delphi
D:2:      layout_loops_ring, minmay_between, uniq_sigmund
D:3:      layout_rooms, basic_ecumenical_altar, amethyst_killhole, uniq_jessica
D:4:      layout_loops_corners, okawaru_ov_weapons_minmay,
          chequers_temple_overflow_statue_of_worship
D:5:      layout_rooms, mainiacjoe_overflow_catwalk, nicolae_xom_altar_mimics,
          old_standard_altar, chequers_serial_rivers_room_a, nicolae_half_adder,
          uniq_blork_the_orc

Skill      XL: |  1  2  3  4  5 |
---------------+----------------+-----
Throwing       | 2 |  2.0
Axes           | 3 |  3.0
Dodging        | 3 |  3.0
Fighting       | 3 4 5 |  5.0
Armour         | 2 |  2.0
Spellcasting   | 2 |  2.0

Action                     |  1- 3 |  4- 6 || total
---------------------------+-------+-------++-------
  Melee: War axe           |    56 |    79 ||   135
         Headbutt          |     8 |    15 ||    23
         Bite              |       |     4 ||     4
  Throw: Boomerang         |       |    11 ||    11
  Evoke: Wand              |       |     1 ||     1
    Use: Scroll            |       |     2 ||     2
 Armour: Ring mail         |    27 |    36 ||    63
  Dodge: Dodged            |    53 |    50 ||   103

Table legend: (Time is in decaauts)
 A = Elapsed time spent in this place.
 B = Non-inter-level travel time spent in this place.
 C = Inter-level travel time spent in this place.
 D = Time resting spent in this place.
 E = Time spent auto-exploring this place.
 F = Levels seen in this place.
 G = Mean time per level.
                   A        B        C        D        E       F      G
               +--------+--------+--------+--------+--------+-----+--------+
         Total |   2448 |   2414 |     34 |     74 |    637 |   5 |  489.6 |
       Dungeon |   2448 |   2414 |     34 |     74 |    637 |   5 |  489.6 |
               +--------+--------+--------+--------+--------+-----+--------+

Top non-repeatable levels by time:
     D:4: 722 daAuts
     D:3: 497 daAuts
     D:1: 497 daAuts
     D:2: 461 daAuts
     D:5: 269 daAuts
